 Dungeon Crawl Stone Soup version 0.18.1-50-g88ac8fd (webtiles) character file.

15 varam the Sneak (level 2, 0/19 HPs)
             Began as an Octopode Assassin on Oct 7, 2016.
             Slain by a ball python (1 damage)
             ... on level 2 of the Dungeon.
             The game lasted 00:01:20 (652 turns).

varam the Sneak (Octopode Assassin)                  Turns: 652, Time: 00:01:21

Health: 0/19       AC:  1    Str: 10    XL:     2   Next: 50%
Magic:  2/2        EV:  8    Int: 13    God:
Gold:   26         SH:  0    Dex: 13    Spells: 0 memorised, 1 level left

rFire  . . .     SeeInvis .     a - +2 dagger
rCold  . . .     Gourm    .     (no shield)
rNeg   . . .     Faith    .     (helmet restricted)
rPois  .         Spirit   .     (no amulet)
rElec  .         Dismiss  .     (no ring)
rCorr  .         Reflect  .     (no ring)
SustAt .         Harm     .     (no ring)
MR     .....                    (no ring)
Stlth  ++++......               (no ring)
                                (no ring)
                                (no ring)
                                (no ring)

@: constricted, not resistant to hostile enchantments, stealthy
A: almost no armour, amphibious, 8 rings, constrict 8, camouflage 1, gelatinous
body 1
a: no special abilities


You were on level 2 of the Dungeon.
You were not hungry.

You visited 1 branch of the dungeon, and saw 2 of its levels.

You collected 26 gold pieces.

Inventory:

Hand Weapons
 a - a +2 dagger (weapon)
 b - a +0 blowgun
Missiles
 c - 8 poisoned needles
 d - 2 curare-tipped needles
 m - 8 tomahawks (quivered)
Scrolls
 e - a scroll of blinking {unknown}
 j - a scroll of teleportation {unknown}
 k - a scroll of enchant weapon {unknown}
 n - a scroll of remove curse {unknown}
 p - a scroll of fear {unknown}
Potions
 g - a potion of lignification {unknown}
 o - 2 potions of curing {unknown}
Comestibles
 f - a bread ration
 i - a slice of pizza
 l - a meat ration


   Skills:
 - Level 2.0 Fighting
 + Level 2.5 Short Blades
 - Level 2.0 Throwing
 - Level 1.0 Dodging
 + Level 5.8 Stealth


You had one spell level left.
You didn't know any spells.

Dungeon Overview and Level Annotations

Branches:
Dungeon (2/15)

Altars:


Innate Abilities, Weirdness & Mutations

You cannot wear most types of armour.
You are amphibious.
You can wear up to eight rings at the same time.
You can use your tentacles to constrict eight enemies at once.
Your skin changes colour to match your surroundings (Stealth).
Your rubbery body absorbs attacks (AC +1).


Message History

The stone hits you. The bat hits you but does no damage.
The ball python misses you. The ball python grabs you.
The ball python constricts you.
You escape the ball python's grasp.
The giant gecko barely misses you. The kobold hits you with a dagger.
There is a stone staircase leading up here.
The bat hits you.
The giant gecko bites you but does no damage.
The ball python bites you but does no damage.
The ball python grabs you.
You stop ascending the stairs.
The ball python constricts you. The giant gecko bites you.
* * * LOW HITPOINT WARNING * * *
The kobold hits you with a dagger.
* * * LOW HITPOINT WARNING * * *
You barely miss the ball python. Your grab misses the ball python.
Your squeeze misses the ball python. The bat hits you.
* * * LOW HITPOINT WARNING * * *
The ball python bites you.
* * * LOW HITPOINT WARNING * * *
You die...

#############
####.....#.....#
#.g.............
.#.....>l...)....
........b@.......
#....<.SK......
#.....?.g......
.................
..#..............
#.#...........# #
###.##.####.. #.#
## .. #+#


You could see a giant gecko, a hobgoblin (sleeping), a goblin, a bat, a ball
python and a kobold.

Vanquished Creatures
  2 bats (D:1)
  A goblin (D:1)
  4 hobgoblins (D:1)
  3 giant newts (D:1)
  2 kobolds (D:1)
  2 rats (D:1)
14 creatures vanquished.

Vanquished Creatures (others)
  A giant cockroach (D:1)
1 creature vanquished.

Grand Total: 15 creatures vanquished

Notes
Turn   | Place    | Note
--------------------------------------------------------------
     0 | D:1      | varam the Octopode Assassin began the quest for the Orb.
     0 | D:1      | Reached XP level 1. HP: 14/14 MP: 1/1
   266 | D:1      | Reached XP level 2. HP: 19/19 MP: 2/2
   652 | D:2      | Slain by a ball python

Action                   || total
-------------------------++-------
Melee: Dagger            ||    28
       Constrict         ||     6
       Tentacles         ||     2
 Stab: Sleeping          ||     6
Armor: Skin              ||     6
Dodge: Dodged            ||    25
